 Dungeon Crawl Stone Soup version 0.25.0-10-g039870ee82 (webtiles) character file.

Game seed: 16614588690456329438

4089 mopl the Chopper (level 10, -1/92 HPs)
             Began as a Naga Arcane Marksman on June 23, 2020.
             Was an Elder of Cheibriados.
             Slain by Harold
             ... wielding a +0 war axe
              (15 damage)
             ... on level 8 of the Dungeon.
             The game lasted 00:16:35 (8565 turns).

mopl the Chopper (Naga Arcane Marksman)             Turns: 8565, Time: 00:16:36

Health: -1/92      AC: 16    Str: 25    XL:     10   Next: 26%
Magic:  13/13      EV: 10    Int: 29    God:    Cheibriados [****..]
Gold:   637        SH:  5    Dex: 24    Spells: 3/11 levels left

rFire    + . .     SeeInvis +   a - +2 spear (flame)
rCold    . . .     Gourm    .   (no shield)
rNeg     . . .     Faith    .   w - +1 leather armour "Wifraiza" {rF+ Dex+4 SInv}
rPois    +         Spirit   .   v - +2 helmet
rElec    .         Reflect  +   N - +2 cloak
rCorr    .         Harm     .   (no gloves)
MR       +....                  (no barding)
Stlth    +++.......             e - amulet of reflection
HPRegen  0.25/turn              m - +4 ring of protection
MPRegen  0.13/turn              K - +6 ring of intelligence

@: marked, very slow
A: large, see invisible, deformed body, poison resistance, slowness 2, slow
metabolism 1, spit poison 1, AC +3
a: Spit Poison, Bend Time, Temporal Distortion, Slouch, Renounce Religion


You were on level 8 of the Dungeon.
You worshipped Cheibriados.
Cheibriados was greatly pleased with you.
You were hungry.

You visited 2 branches of the dungeon, and saw 9 of its levels.
You also visited: Ossuary.

You collected 637 gold pieces.

Inventory:

Hand Weapons
 a - a +2 spear of flaming (weapon)
 b - a +0 war axe
 t - a +0 falchion of holy wrath
Missiles
 d - 3 throwing nets
 f - 7 javelins
 i - 25 poisoned darts (quivered)
 j - 200 stones
 k - 33 sling bullets
 x - 3 boomerangs
Armour
 v - a +2 helmet (worn)
 w - the +1 leather armour "Wifraiza" (worn) {rF+ Dex+4 SInv}
   (You found it on level 5 of the Dungeon)

   It affects your dexterity (+4).
   It protects you from fire.
   It lets you see invisible.
 B - a +0 plate armour
 H - +0 swamp dragon scales
 N - a +2 cloak (worn)
Magical Staves
 h - an uncursed staff of summoning
 s - an uncursed staff of air
Jewellery
 e - an amulet of reflection (around neck)
 m - a +4 ring of protection (left hand)
 p - an uncursed ring of flight
 G - an uncursed ring of wizardry
 K - a +6 ring of intelligence (right hand)
Wands
 y - a wand of paralysis (10)
 C - a wand of digging (4)
Scrolls
 g - 3 scrolls of immolation {unknown}
 l - 8 scrolls of teleportation
 o - 2 scrolls of remove curse
 q - 4 scrolls of enchant armour {unknown}
 r - a scroll of enchant weapon {unknown}
 z - a scroll of fog {unknown}
 A - 4 scrolls of amnesia
 D - a scroll of noise {unknown}
 E - a scroll of random uselessness {unknown}
 I - a scroll of brand weapon {unknown}
 M - 2 scrolls of fear {unknown}
Potions
 n - 2 potions of curing
 u - a potion of magic
 F - 2 potions of cancellation
 J - a potion of might
 L - a potion of heal wounds {unknown}
Comestibles
 c - 11 rations


   Skills:
 + Level 6.7 Fighting
 * Level 7.2 Axes
 + Level 6.3 Throwing
 + Level 4.0 Armour
 - Level 1.5 Dodging
 + Level 4.6 Stealth
 - Level 1.0 Spellcasting
 + Level 4.6 Hexes
 + Level 4.7 Invocations


You had 3 spell levels left.
You knew the following spells:

 Your Spells              Type           Power        Failure   Level  Hunger
b - Slow                  Hex            ####....     2%          2    ###....
f - Cause Fear            Hex            ####......   16%         4    #####..
p - Passwall              Tmut/Erth      #.......     16%         2    ###....

Your spell library contained the following spells:

 Spells                   Type           Power        Failure   Level  Hunger
 Corona                   Hex            ####...      1%          1    ##.....
 Infusion                 Chrm           #...         11%         1    ##.....
 Magic Dart               Conj           #...         11%         1    ##.....
 Sandblast                Erth           #.....       11%         1    ##.....
 Dazzling Flash           Conj/Hex       ##....       12%         3    ####...
 Inner Flame              Hex/Fire       ##......     12%         3    ####...
 Portal Projectile        Hex/Tloc       ##....       12%         3    ####...
 Spectral Weapon          Hex/Chrm       ##......     12%         3    ####...
 Searing Ray              Conj           #.....       16%         2    ###....
 Shroud of Golubria       Chrm/Tloc      #.....       16%         2    ###....
 Song of Slaying          Chrm           #.......     16%         2    ###....
 Ozocubu's Armour         Chrm/Ice       #.......     30%         3    ####...
 Stone Arrow              Conj/Erth      #.....       30%         3    ####...
 Fulminant Prism          Conj/Hex       ##........   38%         4    #####..
 Leda's Liquefaction      Hex/Erth       ##........   38%         4    #####..
 Iskenderun's Mystic Bla  Conj/Tloc      #.......     71%         4    #####..
 Petrify                  Tmut/Erth      #.......     71%         4    #####..
 Lee's Rapid Deconstruct  Erth           #.........   96%         5    ######.


Dungeon Overview and Level Annotations

Branches:
Dungeon (8/15)             Temple (1/1) D:4         Ossuary (visited)
   Lair: D:8-11

Altars:
Ashenzari
Cheibriados
Dithmenos
Elyvilon
Hepliaklqana
Kikubaaqudgha
Makhleb
Nemelex Xobeh
Okawaru
Qazlal
Ru
Uskayaw
Vehumet
Xom
Yredelemnul
Zin
The Shining One

Annotations:
D:7 dig
D:8 Harold


Innate Abilities, Weirdness & Mutations

You cannot wear boots.
Your serpentine skin is tough. (AC +3)
You have supernaturally acute eyesight. (SInv)
Armour fits poorly on your strangely shaped body.
Your system is resistant to poisons. (rPois)
You cover ground very slowly.
You have a slow metabolism.
You can spit poison.


Message History

You puncture Harold! You burn Harold.
Harold is heavily wounded.
Harold barely misses you.
The jackal bites you but does no damage.
You hit Harold.
Harold is severely wounded.
The jackal barely misses you. Harold hits you with a +0 war axe!
* * * LOW HITPOINT WARNING * * *
You hit Harold.
Harold is severely wounded.
You block the jackal's attack. Harold hits you with a +0 war axe.
* * * LOW HITPOINT WARNING * * *
Okay, then.
You barely miss Harold.
Harold is severely wounded.
You block the jackal's attack.
You fail to use your ability.
You have got your breath back.
The jackal barely misses you. Harold hits you with a +0 war axe!
You die...

### #############.#
..............#
###...)........
#.###.......# # #.#
#.#####.####.#####
###.###'#####hh@@h......
............#.h###.#####
............#..# #
......[........#
....###.###...h# ....
#.# #....# ...
........h# ...
..#...#..# ..
####...#...


You could see Harold (very poisoned) and 4 jackals.

Vanquished Creatures
  Psyche (D:8)
  Maggie (D:7)
  A hornet (D:8)
  A hippogriff (D:7)
  A hungry ghost (D:7)
  Duvessa (D:7)
  4 orc warriors
  An ice beast (D:6)
  A phantom (D:4)
  An ogre (D:6)
  2 centaurs (D:5)
  2 bullfrogs (D:7)
  Dowan (D:7)
  A scorpion (D:8)
  5 killer bees
  4 wights (D:7)
  3 howler monkeys
  A crimson imp (D:5)
  A quasit (D:6)
  A bullfrog zombie (D:6)
  2 hounds
  A jelly (D:7)
  4 orc priests
  2 bullfrog skeletons
  Crazy Yiuf (D:7)
  Terence (D:2)
  2 iguanas
  4 worker ants
  Natasha (thrice) (D:2)
  8 orc wizards
  6 big kobold zombies (Ossuary)
  A hound skeleton (D:7)
  2 mummies (Ossuary)
  A worker ant zombie (D:8)
  Robin (D:2)
  A howler monkey zombie (D:5)
  7 gnolls
  8 adders
  3 shadow imps
  3 oozes
  An adder skeleton (D:4)
  A worm (D:2)
  2 leopard geckos
  41 orcs
  A ball python (D:1)
  10 giant cockroaches
  14 goblins
  11 hobgoblins
  2 jackals (D:3)
  2 quokkas (D:2)
  7 bats
  2 frilled lizards
  3 gnoll zombies (Ossuary)
  A goblin zombie (Ossuary)
  4 hobgoblin zombies (Ossuary)
  A jackal skeleton (D:2)
  6 kobolds
  A leopard gecko zombie (D:6)
  2 quokka skeletons (D:6)
  A quokka zombie (D:5)
  2 rats
210 creatures vanquished.

Vanquished Creatures (others)
  2 orcs
2 creatures vanquished.

Grand Total: 212 creatures vanquished

Notes
Turn   | Place    | Note
-------+----------+-------------------------------------------
     0 | D:1      | mopl the Naga Arcane Marksman began the quest for the Orb.
     0 | D:1      | Reached XP level 1. HP: 18/18 MP: 2/2
   308 | D:1      | Reached XP level 2. HP: 25/25 MP: 3/3
   351 | D:1      | Learned a level 2 spell: Slow
   611 | D:1      | Reached XP level 3. HP: 22/32 MP: 4/4
   982 | D:2      | Noticed Natasha
   992 | D:2      | Killed Natasha
  1098 | D:2      | Noticed Natasha
  1114 | D:2      | Killed Natasha
  1114 | D:2      | Reached XP level 4. HP: 25/40 MP: 5/5
  1524 | D:2      | Noticed Natasha
  1531 | D:2      | Killed Natasha
  1531 | D:2      | Reached XP level 5. HP: 47/49 MP: 6/6
  1609 | D:2      | Noticed Terence
  1620 | D:2      | Killed Terence
  1867 | D:2      | Noticed Robin
  1909 | D:2      | Killed Robin
  2316 | D:3      | Reached XP level 6. HP: 48/57 MP: 7/7
  2597 | D:3      | Reached skill level 1 in Axes
  3070 | D:4      | Found a sand-covered staircase.
  3074 | D:4      | Noticed an orc warrior
  3080 | Ossuary  | Entered an ossuary
  3492 | Ossuary  | Reached skill level 2 in Axes
  3633 | Ossuary  | Reached XP level 7. HP: 59/66 MP: 8/8
  3683 | Ossuary  | Reached skill level 1 in Armour
  4022 | D:4      | Reached skill level 3 in Axes
  4415 | D:4      | Found a staircase to the Ecumenical Temple.
  4426 | Temple   | Entered the Ecumenical Temple
  4460 | Temple   | Became a worshipper of Cheibriados the Contemplative
  4684 | D:4      | Reached skill level 5 in Fighting
  4684 | D:4      | Reached skill level 5 in Throwing
  4684 | D:4      | Reached skill level 1 in Invocations
  4684 | D:4      | Reached XP level 8. HP: 69/74 MP: 9/9
  4909 | D:4      | Reached * piety under Cheibriados
  5155 | D:5      | Entered Level 5 of the Dungeon
  5211 | D:5      | Reached skill level 4 in Axes
  5748 | D:5      | Reached ** piety under Cheibriados
  5773 | D:5      | Got a slimy leather armour
  5787 | D:5      | Identified the +1 leather armour "Wifraiza" {rF+ Dex+4
                  | SInv} (You found it on level 5 of the Dungeon)
  5987 | D:6      | Reached skill level 5 in Axes
  6173 | D:6      | Learned a level 4 spell: Cause Fear
  6328 | D:6      | Learned a level 2 spell: Passwall
  6423 | D:6      | Reached XP level 9. HP: 64/82 MP: 11/11
  6909 | D:7      | Found a glowing golden altar of the Shining One.
  6909 | D:7      | Noticed Dowan
  6910 | D:7      | Noticed Duvessa
  6930 | D:7      | Reached skill level 1 in Stealth
  6938 | D:7      | Killed Duvessa
  6961 | D:7      | Reached *** piety under Cheibriados
  6964 | D:7      | Killed Dowan
  6964 | D:7      | Reached skill level 6 in Axes
  7491 | D:7      | Found a runed translucent door.
  7492 | D:7      | Noticed Crazy Yiuf
  7563 | D:7      | Killed Crazy Yiuf
  7767 | D:7      | Found an iron altar of Okawaru.
  8084 | D:7      | Reached **** piety under Cheibriados
  8235 | D:7      | Found an iron altar of Okawaru.
  8277 | D:7      | Noticed Maggie
  8301 | D:7      | Killed Maggie
  8301 | D:7      | Reached skill level 7 in Axes
  8301 | D:7      | Reached XP level 10. HP: 68/92 MP: 13/13
  8384 | D:8      | Noticed Psyche
  8394 | D:8      | Killed Psyche
  8542 | D:8      | Noticed Harold
  8565 | D:8      | Slain by Harold

Illustrated notes

Levels and vault maps discovered:
D:1:      dpeg_arrival_windows_large_door, layout_loops_cross, hex_large,
          roderic_roman_lattice, minmay_misc_feat_secret_circle,
          minmay_pentomino_v2
D:2:      layout_basic, uniq_natasha, uniq_terence, uniq_robin
D:3:      layout_loops_ring
D:4:      layout_basic, minmay_temple_entry_drinking_statues, enter_ossuary_1
D:5:      layout_basic, first_ration
D:6:      layout_basic, dk_noncrumbling_2
D:7:      cheibrodos_quashed, layout_basic, lemuel_round_altar, basic_altar,
          kennysheep_okawaru_gauntlet, uniq_maggie, uniq_crazy_yiuf_cottage,
          uniq_duvessa
D:8:      minmay_inner_zag, layout_basic, uniq_harold, uniq_erica, uniq_psyche
Temple:   compressed_dpeg_circular_temple

Skill      XL: |  1  2  3  4  5  6  7  8  9 10 |
---------------+-------------------------------+-----
Throwing       | 2 3 4 5 6 |  6.3
Fighting       | 2 3 4 5 6 |  6.7
Axes           | 2 3 5 7 |  7.2
Armour         | 1 2 3 4 |  4.0
Invocations    | 1 2 4 |  4.7
Stealth        | 4 |  4.6
Hexes          | 4 |  4.6
Dodging        | |  1.5
Spellcasting   | |  1.0

Action                   |  1- 3 |  4- 6 |  7- 9 | 10-12 || total
-------------------------+-------+-------+-------+-------++-------
Melee: Unarmed           |    28 |       |       |       ||    28
       Spear             |    29 |   411 |   641 |    28 ||  1109
       War axe           |       |       |    11 |       ||    11
Throw: Dart              |    21 |    32 |    63 |    11 ||   127
       Javelin           |       |       |     2 |       ||     2
       Boomerang         |       |       |     9 |     1 ||    10
 Abil: Spit Poison       |    20 |    14 |    24 |     5 ||    63
  Use: Scroll            |       |       |     8 |       ||     8
 Stab: Sleeping          |       |       |       |     1 ||     1
  Eat: Chunk             |     1 |     7 |     9 |       ||    17
       Ration            |       |       |     2 |       ||     2
Armor: Ring mail         |    42 |   283 |   179 |       ||   504
       Leather armour    |       |       |   214 |    17 ||   231
Dodge: Dodged            |    36 |   227 |   376 |     7 ||   646
Block: Other             |       |       |    77 |    10 ||    87
       Reflection        |       |       |     4 |     1 ||     5
